 Dungeon Crawl Stone Soup version 0.21.1-1-g345015f (webtiles) character file.

1 n0claF the Caller (level 1, 0/10 HPs)
             Began as a Deep Elf Summoner on June 14, 2018.
             Slain by a jackal (1 damage)
             ... on level 1 of the Dungeon.
             The game lasted 00:00:50 (65 turns).

n0claF the Caller (Deep Elf Summoner)                 Turns: 65, Time: 00:00:51

Health: 0/10       AC:  2    Str:  5    XL:     1   Next: 16%
Magic:  4/6        EV: 13    Int: 19    God:
Gold:   0          SH:  0    Dex: 15    Spells: 5/6 levels left

rFire    . . .     SeeInvis .   d - +0 spear
rCold    . . .     Gourm    .   (no shield)
rNeg     . . .     Faith    .   a - +0 robe
rPois    .         Spirit   .   (no helmet)
rElec    .         Reflect  .   (no cloak)
rCorr    .         Harm     .   (no gloves)
MR       .....                  (no boots)
Stlth    ++........             (no amulet)
HPRegen  0.03/turn              (no ring)
MPRegen  0.10/turn              (no ring)

@: no status effects
A: no striking features
a: no special abilities


You were on level 1 of the Dungeon.
You were not hungry.

You visited 1 branch of the dungeon, and saw 1 of its levels.

Inventory:

Hand Weapons
 d - a +0 spear (weapon)
   (You found it on level 1 of the Dungeon)
Armour
 a - a +0 robe (worn)
Scrolls
 f - a scroll of blinking {unknown}
Books
 b - a book of Callings
Comestibles
 c - a chunk of flesh
 e - a ration {!d}


   Skills:
 + Level 2.4 Dodging
 + Level 2.4 Stealth
 + Level 3.0 Spellcasting
 + Level 4.4 Summonings


You had 5 spell levels left.
You knew the following spells:

 Your Spells              Type           Power        Failure   Level  Hunger
a - Summon Small Mammal   Summ           ###.         2%          1    None


Dungeon Overview and Level Annotations

Branches:
Dungeon (1/15)

Altars:


Message History

Your quokka bites the rat.
The rat dies!
Found a spear.
Your quokka disappears in a puff of smoke!
Found a scroll labeled YHENNOM UMUE.
Your bat disappears in a puff of smoke!
You see here a spear.
d - a spear
d - a +0 spear (weapon)
Found a puce potion.
f - a scroll labeled YHENNOM UMUE A jackal comes into view.
Found 14 sling bullets.
The jackal barks!
You hear a bark!
You hear a shout!
There is a fountain of blood here.
A jackal comes into view.
What are your orders? t - Shout!
Orders for allies: a - Attack new target. r - Retreat! s - Stop attacking. g - Guard the area. f - Follow me.
Anything else - Cancel.
Gang up on whom?
Aim: a jackal Attack!
Your bat closely misses the jackal.
Your bat barely misses the jackal.
The jackal bites you.
Your bat hits the jackal but does no damage.
Your bat closely misses the jackal.
The jackal bites you.
Your bat barely misses the jackal.
The jackal closely misses you.
Your rat bites the jackal.
Your bat misses the jackal. The jackal barely misses your rat.
Your rat closely misses the jackal.
The jackal barely misses you.
Your bat hits the jackal but does no damage.
Your bat barely misses the jackal.
The jackal bites you.
* * * LOW HITPOINT WARNING * * *
Your rat bites the jackal but does no damage.
Your bat hits the jackal but does no damage.
The jackal bites your bat.
Your bat closely misses the jackal. x2; The jackal bites you.
* * * LOW HITPOINT WARNING * * *
The jackal barely misses your bat.
Your rat misses the jackal.
Your bat barely misses the jackal.
The jackal misses your bat.
Your rat closely misses the jackal.
The jackal bites you but does no damage.
Your bat completely misses the jackal.
The jackal closely misses your bat.
Your bat barely misses the jackal.
Your bat hits the jackal. x2
Your bat barely misses the jackal.
Your bat closely misses the jackal.
The jackal bites you.
You die...

##########################
...#......#...@h..........
#
##....#....#...#rb........
#...#....##....##..hb...!##
#.##....#.#.............##
#..#...#...............#
#...#..#..##....####...#
##.#...#.........## #....
#.##......##.....# ...⌠.
#.#..#...#..#....# (...


You could see 2 jackals, 2 friendly bats and a friendly rat.

Vanquished Creatures (collateral kills)
  2 rats (D:1)
2 creatures vanquished.

Notes
Turn   | Place    | Note
-------+----------+-------------------------------------------
     0 | D:1      | n0claF the Deep Elf Summoner began the quest for the Orb.
     0 | D:1      | Reached XP level 1. HP: 10/10 MP: 6/6
    65 | D:1      | Slain by a jackal

Action                   || total
-------------------------++-------
 Cast: Summon Small Mamm ||     5
Armor: Robe              ||     1
Dodge: Dodged            ||     2
